 Dungeon Crawl Stone Soup version 0.31-a0-95-g6fa058ef04 (webtiles) character file.

Game seed: 16635387355242386163

2534519 Flugkiller the Prince of Secrets (level 27, 260/260 HPs)
             Began as a Gnoll Reaver on May 25, 2023.
             Was a High Priest of Ashenzari.
             Escaped with the Orb
             ... and 4 runes!
             The game lasted 02:10:56 (59470 turns).

Flugkiller the Prince of Secrets (Gnoll Reaver)    Turns: 59470, Time: 02:10:57

Health: 260/260    AC: 17    Str: 14    XL:     27
Magic:  51/51      EV: 25    Int: 38    God:    Ashenzari [*****.]
Gold:   3567       SH: 12    Dex: 11    Spells: 7/73 levels left

rFire   + . .        K - +6 Majin-Bo {spellvamp, MP+6 Int+6, Self, Elem} (curse)
rCold   + . .        k - +3 buckler of Cremastomancy {rF+, Elem, Range} (curse)
rNeg    . . .        J - +4 robe of Folly {Brill Will-∞ Int+8}
rPois   .            g - +2 hat of the Unyielding Gaze {Stlth+, Self, Melee} (curse)
rElec   +            M - +1 cloak "Ensconced Fetters" {Drain Slay+5 SInv, Fort, Elem} (curse)
rCorr   .            r - +2 pair of gloves of the Ruined Disgust {Comp, Bglg} (curse)
SInv    +            V - -1 pair of boots of the Holding Gods {rElec}
Will    .....        y - amulet of the Wild Blue Yonder {RegenMP, Self, Bglg} (curse)
Stlth   +++          u - ring "Lashed Soothsayer" {rC+, Elem, Melee} (curse)
HPRegen 0.63/turn    S - ring of the Fated Negligence {EV+5, Self, Cun} (curse)
MPRegen 0.72/turn

%: clarity
@: studying Invocations
A: fangs 1, strong nose, distributed training, berserk 1, low MP 1, robust 1,
inhibited regeneration
0: Orb of Zot
}: 4/15 runes: serpentine, barnacled, slimy, abyssal
a: Renounce Religion, Curse Item, Shatter the Chains


You escaped.
You worshipped Ashenzari.
Ashenzari was extremely pleased with you.
You visited 10 branches of the dungeon, and saw 51 of its levels.
You visited the Abyss 3 times.
You visited 1 bazaar.
You also visited: Ossuary and Bailey.

You collected 6950 gold pieces.
You spent 3383 gold pieces at shops.

Inventory:

Hand Weapons
 K - the cursed +6 Majin-Bo (weapon) {spellvamp, MP+6 Int+6, Self, Elem}
   (You acquired it on level 2 of the Lair of Beasts)

   Int:       It affects your intelligence (+6).
   MP:        It affects your magic capacity (+6).
   It has a curse which improves the following skills: Introspection: Fighting
   and Spellcasting.
   Elements:  Fire Magic, Ice Magic, Air Magic and Earth Magic.
Missiles
 H - 9 curare-tipped darts
Armour
 a - a +2 robe of resistance
   (You found it on level 6 of the Dungeon)
 g - the cursed +2 hat of the Unyielding Gaze (worn) {Stlth+, Self, Melee}
   (You took it off Gastronok on level 8 of the Dungeon)

   It has a curse which improves the following skills: Introspection: Fighting
   and Spellcasting.
   Melee Combat: Short Blades, Long Blades, Axes, Maces & Flails, Polearms,
   Staves and Unarmed Combat.
 k - the cursed +3 buckler of Cremastomancy (worn) {rF+, Elem, Range}
   (You bought it in a shop on level 2 of the Orcish Mines)

   It has a curse which improves the following skills: Elements: Fire Magic, Ice
   Magic, Air Magic and Earth Magic.
   Ranged Combat: Ranged Weapons and Throwing.
 p - the +0 pair of gloves of Makhleb's Condemnation {rElec rPois}
   (You found it on level 5 of the Pits of Slime)

   rElec:     It insulates you from electricity.
   rPois:     It protects you from poison.
 r - the cursed +2 pair of gloves of the Ruined Disgust (worn) {Comp, Bglg}
   (You found it on level 1 of the Dungeon)

   It has a curse which improves the following skills: Companions: Summonings
   and Necromancy.
   Beguiling: Conjurations, Hexes and Translocations.
 J - the +4 robe of Folly (worn) {Brill Will-∞ Int+8}
   (You found it on level 2 of the Lair of Beasts)

   Brill:     It increases the power of your magical spells and halves their MP
   cost (rounding up).
   Will-∞: It reduces your willpower to zero.
   Int:       It affects your intelligence (+8).
 M - the cursed +1 cloak "Ensconced Fetters" (worn) {Drain Slay+5 SInv, Fort, Elem}
   (You acquired it on level 9 of the Dungeon)

   Slay:      It affects your accuracy & damage with ranged weapons and melee
   (+5).
   SInv:      It lets you see invisible.
   Drain:     It drains your maximum health when unequipped.
   It has a curse which improves the following skills: Fortitude: Armour and
   Shields.
   Elements:  Fire Magic, Ice Magic, Air Magic and Earth Magic.
 V - the -1 pair of boots of the Holding Gods (worn) {rElec}
   (You acquired it on level 2 of the Vaults)

   rElec:     It insulates you from electricity.
Jewellery
 f - a ring of protection from fire
   (You found it on level 5 of the Pits of Slime)
 m - a ring of willpower
   (You took it off a deep elf pyromancer on level 2 of the Elven Halls)
 s - the amulet of Tymuh {Spirit rC+ Str+4}
   (You took it off a purple draconian on level 1 of the Realm of Zot)

   [amulet of guardian spirit]

   It causes incoming damage to be divided between your reserves of health and
   magic.
   Str:       It affects your strength (+4).
   rC:        It protects you from cold.
 u - the cursed ring "Lashed Soothsayer" (left hand) {rC+, Elem, Melee}
   (You found it on level 3 of the Elven Halls)

   [ring of protection from cold]

   rC:        It protects you from cold.
   It has a curse which improves the following skills: Elements: Fire Magic, Ice
   Magic, Air Magic and Earth Magic.
   Melee Combat: Short Blades, Long Blades, Axes, Maces & Flails, Polearms,
   Staves and Unarmed Combat.
 y - the cursed amulet of the Wild Blue Yonder (around neck) {RegenMP, Self, Bglg}
   (You bought it in a shop in a bazaar)

   [amulet of magic regeneration]

   It increases your rate of magic regeneration.
   It has a curse which improves the following skills: Introspection: Fighting
   and Spellcasting.
   Beguiling: Conjurations, Hexes and Translocations.
 D - the ring "Memaf" {Fly rC+ Will+ Int-3 Stlth+}
   (You took it off a deep elf annihilator on level 3 of the Elven Halls)

   [ring of flight]

   Int:       It affects your intelligence (-3).
   rC:        It protects you from cold.
   Fly:       It grants you flight.
   Will:      It increases your willpower.
   Stlth:     It makes you more stealthy.
 O - a +6 ring of intelligence
   (You found it on level 3 of the Lair of Beasts)
 S - the cursed ring of the Fated Negligence (right hand) {EV+5, Self, Cun}
   (You found it on level 1 of the Lair of Beasts)

   [ring of evasion]

   EV:        It affects your evasion (+5).
   It has a curse which improves the following skills: Introspection: Fighting
   and Spellcasting.
   Cunning:   Dodging and Stealth.
Wands
 x - a wand of digging (11)
   (You found it on level 3 of the Dungeon)
 A - a wand of roots (43)
   (You took it off Maggie on level 8 of the Dungeon)
 C - a wand of mindburst (90)
   (You took it off Amaemon on level 11 of the Dungeon)
 F - a wand of paralysis (77)
   (You found it on level 8 of the Dungeon)
 P - a wand of acid (35)
   (You found it on level 10 of the Dungeon)
Scrolls
 i - 4 scrolls of silence
 j - 9 scrolls of poison
 t - 23 scrolls of teleportation
 z - 3 scrolls of blinking
 G - 7 scrolls of immolation
 I - 4 scrolls of fog
 L - 8 scrolls of enchant armour
 N - 5 scrolls of summoning
 R - 3 scrolls of magic mapping
 T - 8 scrolls of vulnerability
 Z - 6 scrolls of fear
Potions
 c - 2 potions of cancellation
 d - 10 potions of might
 e - 11 potions of mutation
 h - 4 potions of haste
 l - 8 potions of invisibility
 n - 5 potions of resistance
 o - 7 potions of enlightenment
 q - 16 potions of curing
 v - 14 potions of lignification
 w - 17 potions of heal wounds
 B - 8 potions of magic
 Q - 9 potions of attraction
 W - a potion of ambrosia
 X - 6 potions of brilliance
Miscellaneous
 b - a box of beasts
   (You found it on level 11 of the Dungeon)
 E - a condenser vane
   (You found it on level 3 of the Shoals)
 U - a lightning rod (4/4)
   (You found it on level 4 of the Snake Pit)
 Y - a phantom mirror
   (You found it on level 15 of the Dungeon)


   Skills:
 + Level 19.1(23.8) Fighting
 + Level 18.6(21.5) Short Blades
 + Level 18.6(21.5) Long Blades
 + Level 18.6(21.5) Axes
 + Level 18.6(21.5) Maces & Flails
 + Level 19.5(22.4) Polearms
 + Level 18.6(21.5) Staves
 + Level 18.6(20.5) Ranged Weapons
 + Level 18.6(20.5) Throwing
 + Level 18.6(20.5) Armour
 + Level 19.1(21.0) Dodging
 + Level 18.6(20.5) Stealth
 + Level 18.6(20.5) Shields
 + Level 18.6(21.5) Unarmed Combat
 + Level 19.2(23.9) Spellcasting
 + Level 16.7(19.7) Conjurations
 + Level 15.8(18.9) Hexes
 + Level 15.8(17.9) Summonings
 + Level 15.8(17.9) Necromancy
 + Level 15.8(18.9) Translocations
 + Level 15.8 Transmutations
 + Level 15.8(20.7) Fire Magic
 + Level 15.8(20.7) Ice Magic
 + Level 15.8(20.7) Air Magic
 + Level 15.8(20.7) Earth Magic
 + Level 15.8 Poison Magic
 + Level 20.7 Invocations
 + Level 18.6 Evocations


You had 7 spell levels left.
You knew the following spells:

 Your Spells              Type           Power      Damage    Failure   Level
a - Kiss of Death         Conj/Necr      100%       2d13      0%          1
b - Momentum Strike       Conj/Tloc      100%       3d10      0%          2
c - Hailstorm             Conj/Ice       100%       3d20      0%          3
d - Poisonous Vapours     Pois/Air       100%       N/A       0%          2
e - Freezing Cloud        Conj/Ice/Air   65%        6-21      0%          5
f - Ozocubu's Refrigerat  Ice            70%        4d23      1%          7
g - Eringya's Noxious Bo  Tmut/Pois      60%        N/A       1%          6
h - Alistair's Intoxicat  Tmut/Pois      80%        N/A       1%          5
i - Irradiate             Conj/Tmut      63%        3d32      1%          5
j - Polar Vortex          Ice            70%        N/A       11%         9
k - Maxwell's Capacitive  Air            70%        ∞         1%          8
l - Shatter               Erth           70%        3d52*     11%         9
q - Apportation           Tloc           100%       N/A       0%          1
w - Swiftness             Air            100%       N/A       0%          3

Your spell library contained the following spells:

 Spells                   Type           Power      Damage    Failure   Level
 Foxfire                  Conj/Fire      100%       2x1d9     0%          1
 Freeze                   Ice            100%       1d10      0%          1
 Sandblast                Erth           100%       2d20      0%          1
 Slow                     Hex            100%       N/A       0%          1
 Summon Small Mammal      Summ           100%       N/A       0%          1
 Ensorcelled Hibernation  Hex/Ice        100%       N/A       0%          2
 Passwall                 Tmut/Erth      100%       N/A       0%          2
 Call Canine Familiar     Summ           100%       N/A       0%          3
 Confusing Touch          Hex            100%       N/A       0%          3
 Dazzling Flash           Conj/Hex       100%       N/A       0%          3
 Frozen Ramparts          Ice            100%       1d16      0%          3
 Gell's Gravitas          Tloc           100%       N/A       0%          3
 Mephitic Cloud           Conj/Pois/Air  100%       N/A       0%          3
 Ozocubu's Armour         Ice            100%       N/A       0%          3
 Portal Projectile        Hex/Tloc       100%       N/A       0%          3
 Spider Form              Tmut/Pois      100%       N/A       0%          3
 Stone Arrow              Conj/Erth      100%       3d13      0%          3
 Summon Guardian Golem    Hex/Summ       100%       N/A       0%          3
 Teleport Other           Tloc           100%       N/A       0%          3
 Vampiric Draining        Necr           100%       2d13      0%          3
 Volatile Blastmotes      Fire/Tloc      100%       2d18      0%          3
 Airstrike                Air            70%        2d(11-27) 0%          4
 Anguish                  Hex/Necr       63%        N/A       0%          4
 Animate Armour           Summ/Erth      100%       N/A       0%          4
 Animate Dead             Necr           100%       N/A       0%          4
 Cause Fear               Hex            68%        N/A       0%          4
 Flame Wave               Conj/Fire      100%       2d21      0%          4
 Ice Form                 Ice/Tmut       100%       N/A       0%          4
 Iskenderun's Mystic Bla  Conj/Tloc      100%       2d19      0%          4
 Leda's Liquefaction      Hex/Erth       65%        N/A       0%          4
 Passage of Golubria      Tloc           100%       N/A       0%          4
 Petrify                  Tmut/Erth      100%       N/A       0%          4
 Sticky Flame             Conj/Fire      100%       2d11      0%          4
 Summon Ice Beast         Ice/Summ       100%       N/A       0%          4
 Summon Lightning Spire   Summ/Air       100%       N/A       0%          4
 Fireball                 Conj/Fire      66%        3d25      0%          5
 Metabolic Englaciation   Hex/Ice        65%        N/A       0%          5
 Silence                  Hex/Air        65%        N/A       0%          5
 Blade Hands              Tmut           64%        N/A       1%          5
 Summon Forest            Summ/Tloc      63%        N/A       1%          5
 Summon Mana Viper        Hex/Summ       100%       N/A       1%          5
 Dispersal                Tloc           68%        N/A       1%          6
 Plasma Beam              Fire/Air       67%        2x1d91    1%          6
 Starburst                Conj/Fire      66%        6d17      1%          6
 Summon Cactus Giant      Summ           67%        N/A       1%          6
 Dragon Form              Tmut           64%        N/A       1%          7
 Haunt                    Necr/Summ      63%        N/A       1%          7
 Storm Form               Tmut/Air       63%        N/A       1%          7
 Summon Hydra             Summ           67%        N/A       1%          7
 Ignition                 Fire           70%        3d19      1%          8
 Borgnjor's Revivificati  Necr           67%        N/A       2%          8
 Infestation              Necr           67%        N/A       2%          8
 Lehudib's Crystal Spear  Conj/Erth      66%        10d15     3%          8
 Necromutation            Tmut/Necr      61%        N/A       12%         8
 Death's Door             Necr           67%        N/A       34%         9
 Dragon's Call            Summ           67%        N/A       34%         9
 Chain Lightning          Conj/Air       66%        3d88      41%         9
 Fire Storm               Conj/Fire      66%        8d17      41%         9


Dungeon Overview and Level Annotations

Branches:
Dungeon (15/15)            Temple (0/1) D:5            Lair (5/5) D:11
 Shoals (4/4) Lair:3        Snake (4/4) Lair:2        Slime (5/5) Lair:4
    Orc (2/2) D:11            Elf (3/3) Orc:2        Vaults (4/5) D:13
  Crypt (0/3) Vaults:3     Depths (4/4) D:15            Zot (5/5) Depths:4
Ossuary (visited)          Bailey (visited)

Altars:
Ashenzari
Gozag
Kikubaaqudgha
Makhleb
Okawaru
Uskayaw
Vehumet
Xom
The Shining One
Jiyva

Shops:
D:14 (   Orc:2 ![[?   Elf:3 !   Shoals:1 *   Shoals:2 ?:(   Shoals:4 *
Snake:2 :   Vaults:1 [   Vaults:2 ?   Vaults:3 !

Portals:
Hell: Depths:1 Depths:2 Depths:3 Depths:4
Abyss: Depths:1 Depths:2 Depths:3
Pandemonium: Depths:2 Depths:3* Depths:4
Ziggurat: Depths:4
Trove: D:10 (give 17 scrolls of teleportation)

Annotations:
D:3 Terence
D:7 makewrite's ghost, novice GrBe
Shoals:1 3 runed translucent doors, exclusion: obsidian statue, Vait Lei's ghost, adept GnAE
Elf:2 3 runed translucent doors


Innate Abilities, Weirdness & Mutations

You have very sharp teeth.
Your uncanny sense of smell can sniff out nearby items.
Your experience applies equally to all skills.
You sometimes lose your temper in combat.
Your magical capacity is low. (-10% MP)
You are robust. (+10% HP)
You do not regenerate when monsters are visible.


Message History

You block the ufetubus's attack. The ufetubus completely misses you.
The ynoxinul gestures.
The ufetubus completely misses you. You block the ufetubus's attack. x3
The ufetubus closely misses you. The ufetubus misses you.
You bludgeon the ufetubus!!
You kill the ufetubus!
The ufetubus disappears in a puff of smoke!
The ufetubus misses you. You block the ufetubus's attack.
The ufetubus completely misses you. x2
You bludgeon the ufetubus!!
You kill the ufetubus!
The ufetubus disappears in a puff of smoke!
You block the ufetubus's attack. x2; The ufetubus closely misses you.
The ufetubus completely misses you.
You sock the ufetubus!
You kill the ufetubus!
The ufetubus disappears in a puff of smoke!
You block the ufetubus's attack. x2
You block the ufetubus's attack. x2; The ufetubus completely misses you. x2
The ynoxinul completely misses you.
You sock the ynoxinul!
You bite the ynoxinul, but do no damage.
The ynoxinul is moderately wounded.
You block the ufetubus's attack. x2; The ufetubus closely misses you.
You block the ufetubus's attack.
You bludgeon the ynoxinul!!
The ynoxinul is almost dead.
You block the ufetubus's attack. The ufetubus barely misses you.
You block the ufetubus's attack. x2
The ynoxinul gestures.
You sock the ynoxinul!
You kill the ynoxinul!
The ufetubus disappears in a puff of smoke! x6
No target in view!
(D) Dungeon (T) Temple (L) Lair (A) Shoals (P) Snake Pit (M) Slime Pits (O) Orcish Mines (E) Elven Halls (V) Vaults (C) Crypt (U) Depths (H) Hell (Z) Zot
Where to? (Enter - D:1 @ (x,y), ? - help)
There is a stone staircase leading up here.
You climb upwards.
Level annotation: makewrite's ghost, novice GrBe
There is a stone staircase leading down here.
HP restored.
There is a stone staircase leading up here.
You climb upwards.
There is a stone staircase leading down here.
There is a stone staircase leading up here.
You climb upwards.
There is a stone staircase leading down here.
There is a stone staircase leading up here.
You climb upwards.
There is a stone staircase leading down here.
There is an open door here.
A chaos spawn comes into view.
There is a stone staircase leading up here.
You climb upwards.
Level annotation: Terence
There is a stone staircase leading down here.
(D) Dungeon (T) Temple (L) Lair (A) Shoals (P) Snake Pit (M) Slime Pits (O) Orcish Mines (E) Elven Halls (V) Vaults (C) Crypt (U) Depths (H) Hell (Z) Zot
Where to? (Enter - D:1 @ (x,y), ? - help) Boris, Master of Life and Death comes into view.
He is wearing a +1 robe of the Archmagi.
Casting: Shatter (dangerous; 12% risk of failure)
Confirm with . or Enter, or press ? or * to list all spells.
You feel a surge of power!
You begin accumulating electric charge. (Press . to continue charging.)
You feel charge building up...
Boris is empowered by the presence of the orb!
You feel charge building up...
You feel charge building up...
The electricity discharges through Boris!!!!!
Boris vaporises in an electric haze!
You destroy Boris!
You have reached level 27, the final one!
Your experience leads to an increase in your attributes!
Your base attributes are Str 14, Int 22, Dex 11.
Increase (S)trength, (I)ntelligence, or (D)exterity?
You feel clever. x2
(D) Dungeon (T) Temple (L) Lair (A) Shoals (P) Snake Pit (M) Slime Pits (O) Orcish Mines (E) Elven Halls (V) Vaults (C) Crypt (U) Depths (H) Hell (Z) Zot
Where to? (Enter - D:1 @ (x,y), ? - help) Magic restored.
You see here a +1 robe of the Archmagi.
HP restored.
There is a stone staircase leading up here.
You climb upwards.
There is a stone staircase leading down here.
There is a stone staircase leading up here.
You climb upwards.
There is a stone staircase leading down here.
You see here 5 stones.
There is a staircase leading out of the dungeon here.
Unknown command.
Enter note: gg You have escaped!

.# ### #.# #.##.....# .##
##.######.# #.######.#### #.##
#.........##### ###.....#
##.####.#########.####.##....#
##.###.# #'#.##...####.#
##..#.########.##'.....# #.#
##)#........##...###...##
#.####
##.####.###.##.....###{##
#.##.. #.## #.# #...(.@....+.#
###.##.# ..#####.#
####.....###'###..#.#.#
........# ##...###...##†###..#
..####### ##.##'.....#..#.###
..# #'#.##...##....# #.#
##.####.##..†..# #.#
########..)...# #.# #.#
#......# #.# ############.#
##...#(#


There were no monsters in sight!

Vanquished Creatures
  the Royal Jelly (Slime:5)
  An ancient lich (Zot:5)
  7 orbs of fire (Zot:5)
  Mennas (Vaults:3)
  Mara (Elf:3)
  2 juggernauts (Depths:4)
  Boris (twice) (Vaults:4 D:3)
  Parghit (Depths:4)
  9 Killer Klowns
  A curse toe (Zot:5)
  Xtahua (Depths:4)
  Nikola (Vaults:3)
  7 golden dragons
  The ghost of Wuemn the Axe Maniac, an adept MiFi of Makhleb (Vaults:2)
  A bone dragon (Depths:4)
  A Brimstone Fiend (D:10)
  A Hell Sentinel (Depths:3)
  2 Tzitzimimeh
  2 electric golems (Zot:5)
  12 tentacled monstrosities
  15 quicksilver dragons
  Asterion (Vaults:2)
  A walking divine tome (Depths:2)
  A lich (Depths:1)
  26 Orb Guardians (Zot:5)
  2 deep elf master archers (Elf:3)
  Polyphemus (Shoals:4)
  13 acid blobs
  5 deep elf blademasters
  Gastronok (D:8)
  5 sphinxes
  An ancient champion (Vaults:3)
  9 death cobs
  5 shadow dragons
  8 storm dragons
  3 tengu reavers
  Donald (Shoals:4)
  11 azure jellies
  13 draconian monks
  5 nagarajas
  7 rockslimes
  13 draconian knights
  2 fire giants (Depths:2)
  6 deep elf sorcerers
  3 ghost moths
  6 draconian scorchers
  2 balrugs
  8 vault wardens
  4 frost giants
  9 draconian stormcallers
  3 deep elf elementalists (Elf:3)
  2 cacodemons
  10 draconian shifters
  A war gargoyle (Vaults:1)
  A quicksilver ooze (shapeshifter) (Depths:4)
  2 reapers
  7 very ugly things
  13 stone giants
  8 draconian annihilators
  7 quicksilver oozes
  12 ironbound preservers
  A spriggan defender (Depths:2)
  15 green draconians
  6 deep elf demonologists (Elf:3)
  3 deep elf annihilators (Elf:3)
  5 ironbound thunderhulks
  12 red draconians
  A vampire knight (Depths:3)
  18 black draconians
  A minotaur (Vaults:2)
  27 purple draconians
  26 dire elephants
  13 white draconians
  12 yellow draconians
  2 crystal guardians (Vaults:3)
  3 spark wasps
  6 deep elf death magi
  2 blizzard demons
  7 ettins
  2 green deaths (Depths:3)
  3 formless jellyfish
  2 merfolk javelineers (Shoals:4)
  6 fire dragons
  5 yaktaur captains
  7 great orbs of eyes
  5 hydras
  2 deep elf high priests (Elf:3)
  3 entropy weavers
  2 hell beasts (Depths:3)
  8 vault guards
  3 rakshasas
  4 merfolk impalers (Shoals:4)
  Erolcha (D:10)
  7 ice dragons
  Fannar (Lair:1)
  5 salamander tyrants
  14 anacondas
  4 peacekeepers
  2 boulder beetles (D:12)
  2 ogre magi (D:15)
  4 merfolk avatars
  11 centaur warriors
  7 ironbound frosthearts
  An anaconda (shapeshifter) (Vaults:2)
  2 spriggan air magi (Depths:3)
  Erica (Lair:2)
  A death knight (D:13)
  10 naga warriors
  6 deep troll shamans
  4 catoblepae
  3 merfolk aquamancers (Shoals:4)
  A satyr (Shoals:4)
  10 deep troll earth magi
  23 dancing weapons
  4 death yaks (Shoals:4)
  11 two-headed ogres
  10 naga sharpshooters
  9 tengu warriors
  3 vampire magi
  Urug (Lair:4)
  3 orc high priests (Orc:2)
  A soul eater (Depths:3)
  6 shock serpents
  15 deep elf knights
  6 spriggan berserkers
  3 sun demons
  Sonja (D:10)
  17 hell knights
  Amaemon (D:11)
  5 salamander mystics
  2 sixfirhies
  5 iron trolls
  4 skysharks
  2 obsidian statues
  An orb spider (shapeshifter) (D:15)
  A swamp dragon (shapeshifter) (Depths:2)
  A glowing orange brain (Vaults:1)
  6 sea snakes
  24 ironbound convokers
  12 lindwurms
  51 deep trolls
  16 deep elf archers
  11 wizards
  10 naga ritualists
  28 deep elf pyromancers
  9 orc knights
  3 phantasmal warriors
  21 harpies
  20 deep elf zephyrmancers
  5 necromancers
  57 ugly things
  5 shining eyes
  7 orc sorcerers
  5 fauns
  19 salamanders
  8 elephants
  11 mana vipers
  14 manticores
  A faun (shapeshifter) (Depths:4)
  18 moths of wrath
  3 water nymphs (Shoals:4)
  9 merfolk sirens
  An eye of devastation (shapeshifter) (Vaults:4)
  31 black mambas
  10 cyclopes
  25 naga magi
  10 vault sentinels
  An orange demon (Lair:1)
  2 eyes of devastation
  A torpor snail (Lair:4)
  9 guardian serpents
  8 large abominations (Depths:1)
  A gargoyle (D:12)
  10 cane toads
  2 efreet
  3 unseen horrors
  Maggie (D:8)
  A komodo dragon (shapeshifter) (D:15)
  2 rime drakes (Lair:5)
  A freezing wraith (D:14)
  11 komodo dragons
  14 yaktaurs
  9 tengu conjurers
  2 red devils (Depths:2)
  2 ice devils (Depths:2)
  A tormentor (Depths:2)
  3 meliai (D:14)
  4 polar bears
  3 trolls
  Prince Ribbit (D:7)
  8 hornets
  5 wind drakes
  A hellwing (Depths:2)
  A tarantella (shapeshifter) (D:13)
  17 merfolk
  A raiju (shapeshifter) (Elf:1)
  A tarantella (Vaults:4)
  19 blink frogs
  8 dream sheep
  A frost giant simulacrum (Vaults:3)
  10 snapping turtles
  80 slime creatures
  7 air elementals
  8 water elementals
  3 ynoxinuls
  A shadow (D:12)
  8 spriggans
  An elf skeleton (Vaults:3)
  6 wyverns
  6 basilisks
  5 fire elementals
  Grum (D:8)
  47 yaks
  Eustachio (D:6)
  6 golden eyes
  3 chaos spawn
  2 fire bats (Lair:5)
  3 vampire mosquitoes (D:11)
  5 wargs (Orc:2)
  3 neqoxecs
  6 redbacks
  4 acid dragons
  53 nagas
  A floating eye (Depths:4)
  3 glowing shapeshifter zombies (Vaults:3)
  A floating eye (shapeshifter) (Vaults:1)
  23 orc warriors
  14 water moccasins
  3 ice beasts (D:7)
  5 black bears
  16 wolves
  10 ogres
  13 centaurs
  3 boggarts (Vaults:1)
  3 phantoms
  3 kobold brigands
  An earth elemental (Elf:1)
  8 bullfrogs
  3 scorpions
  A human skeleton (Vaults:3)
  3 small abominations (Depths:1)
  11 wights
  17 killer bees
  2 human simulacra (Vaults:3)
  An electric eel (Orc:2)
  A lava snake (Lair:5)
  4 jellies
  3 hounds
  16 orc priests
  2 iguanas (D:5)
  A sleepcap (D:5)
  24 orc wizards
  3 centaur simulacra (D:7)
  A mummy (Ossuary)
  8 adders
  2 shadow imps
  4 white imps
  4 ufetubi
  3 dart slugs
  84 orcs
  2 spectral bats (Ossuary)
  17 endoplasms
  10 goblins
  4 hobgoblins
  6 jackals
  19 kobolds
  6 quokkas
  7 ball pythons
  6 bats
  A bat simulacrum (Ossuary)
  4 frilled lizards
  12 gnoll zombies (Ossuary)
  3 goblin simulacra (Ossuary)
  6 goblin zombies (Ossuary)
  3 hobgoblin zombies (Ossuary)
  6 kobold simulacra (Ossuary)
  6 kobold zombies (Ossuary)
  3 orc zombies (Ossuary)
  6 rats
  A rat simulacrum (Ossuary)
  3 spectral goblins (Ossuary)
  6 spectral kobolds (Ossuary)
  2 spectral rats (Ossuary)
  A butterfly (Lair:5)
2070 creatures vanquished.

Vanquished Creatures (others)
  A white draconian (Zot:2)
  3 water elementals (Depths:4)
  An orc (Orc:2)
5 creatures vanquished.

Grand Total: 2075 creatures vanquished

Notes
Turn   | Place    | Note
-------+----------+-------------------------------------------
     0 | D:1      | Flugkiller the Gnoll Reaver began the quest for the Orb.
     0 | D:1      | Reached XP level 1. HP: 20/20 MP: 6/6
   140 | D:1      | Reached XP level 2. HP: 15/26 MP: 7/7
   561 | D:1      | Reached skill level 5 in Spellcasting
   561 | D:1      | Reached XP level 3. HP: 31/31 MP: 7/9
   676 | D:1      | Reached skill level 1 in Invocations
   705 | D:1      | Learned a level 2 spell: Momentum Strike
   716 | D:1      | Found a faded altar of an unknown god.
  1015 | D:2      | Learned a level 3 spell: Hailstorm
  1025 | D:2      | Reached skill level 1 in Short Blades
  1025 | D:2      | Reached skill level 1 in Long Blades
  1025 | D:2      | Reached skill level 1 in Axes
  1025 | D:2      | Reached skill level 1 in Maces & Flails
  1025 | D:2      | Reached skill level 1 in Staves
  1025 | D:2      | Reached skill level 1 in Ranged Weapons
  1025 | D:2      | Reached skill level 1 in Throwing
  1025 | D:2      | Reached skill level 1 in Armour
  1025 | D:2      | Reached skill level 1 in Stealth
  1025 | D:2      | Reached skill level 1 in Shields
  1025 | D:2      | Reached skill level 1 in Unarmed Combat
  1025 | D:2      | Reached skill level 1 in Evocations
  1213 | D:2      | Reached XP level 4. HP: 38/38 MP: 8/11
  2003 | D:3      | Reached skill level 1 in Hexes
  2003 | D:3      | Reached skill level 1 in Summonings
  2003 | D:3      | Reached skill level 1 in Necromancy
  2003 | D:3      | Reached skill level 1 in Translocations
  2003 | D:3      | Reached skill level 1 in Transmutations
  2003 | D:3      | Reached skill level 1 in Fire Magic
  2003 | D:3      | Reached skill level 1 in Ice Magic
  2003 | D:3      | Reached skill level 1 in Air Magic
  2003 | D:3      | Reached skill level 1 in Earth Magic
  2003 | D:3      | Reached skill level 1 in Poison Magic
  2040 | D:3      | Noticed a black bear
  2058 | D:3      | Killed a black bear
  2059 | D:3      | Reached XP level 5. HP: 9/42 MP: 6/12
  2283 | D:3      | Reached skill level 2 in Invocations
  2361 | D:3      | Noticed Terence
  2618 | D:4      | Found a broken altar of Ashenzari.
  2622 | D:4      | Found an opulent altar of Gozag.
  2624 | D:4      | Found a radiant altar of Vehumet.
  2633 | D:4      | Became a worshipper of Ashenzari the Shackled
  2653 | D:4      | Noticed a phantom
  2678 | D:4      | Killed a phantom
  2679 | D:4      | Reached skill level 5 in Fighting
  2679 | D:4      | Reached skill level 5 in Dodging
  2679 | D:4      | Reached XP level 6. HP: 5/51 MP: 8/14
  3411 | D:5      | Entered Level 5 of the Dungeon
  3437 | D:5      | Reached XP level 7. HP: 47/56 MP: 10/15
  3729 | D:5      | Found a staircase to the Ecumenical Temple.
  3767 | D:5      | Identified the +7 mace of Socaips {freeze, *Noise rPois
                  | Str+2 Dex+2}
  3864 | D:5      | Reached skill level 3 in Invocations
  4216 | D:5      | Reached XP level 8. HP: 55/63 MP: 12/16
  4219 | D:5      | Learned a level 2 spell: Poisonous Vapours
  4837 | D:6      | Reached * piety under Ashenzari
  4940 | D:6      | Reached skill level 4 in Invocations
  5095 | D:6      | Noticed Eustachio
  5113 | D:6      | Killed Eustachio
  5142 | D:6      | Reached XP level 9. HP: 60/69 MP: 4/18
  5538 | D:7      | Found a sand-covered staircase.
  5588 | Ossuary  | Entered an ossuary
  5736 | Ossuary  | Reached ** piety under Ashenzari
  6003 | D:7      | Found a runed translucent gate.
  6003 | D:7      | Found a runed translucent gate.
  6003 | D:7      | Found a runed translucent gate.
  6559 | D:7      | Noticed Prince Ribbit
  6566 | D:7      | Killed Prince Ribbit
  6567 | D:7      | Reached skill level 5 in Invocations
  7078 | D:7      | Noticed makewrite's ghost (novice GrBe)
  7786 | D:8      | Noticed Maggie
  7803 | D:8      | Killed Maggie
  7804 | D:8      | Reached skill level 5 in Short Blades
  7804 | D:8      | Reached skill level 5 in Long Blades
  7804 | D:8      | Reached skill level 5 in Axes
  7804 | D:8      | Reached skill level 5 in Maces & Flails
  7804 | D:8      | Reached skill level 5 in Staves
  7804 | D:8      | Reached skill level 5 in Ranged Weapons
  7804 | D:8      | Reached skill level 5 in Throwing
  7804 | D:8      | Reached skill level 5 in Armour
  7804 | D:8      | Reached skill level 5 in Stealth
  7804 | D:8      | Reached skill level 5 in Shields
  7804 | D:8      | Reached skill level 5 in Unarmed Combat
  7804 | D:8      | Reached skill level 5 in Evocations
  7804 | D:8      | Reached XP level 10. HP: 59/77 MP: 6/20
  7842 | D:8      | Noticed Grum
  7854 | D:8      | Killed Grum
  7980 | D:8      | Noticed Gastronok
  8130 | D:8      | Noticed a two-headed ogre
  8183 | D:8      | Noticed a two-headed ogre
  8209 | D:7      | Killed a two-headed ogre
  8250 | D:7      | Identified the cursed +0 pair of boots of the Tethered Sky
                  | {Alch, Melee} (You found it on level 3 of the Dungeon)
  8250 | D:7      | Identified the cursed +0 leather armour of the Cosmic
                  | Trepidation {Evo, Comp}
  8502 | D:8      | Reached skill level 6 in Invocations
  8733 | D:8      | Reached *** piety under Ashenzari
  8806 | D:8      | Killed Gastronok
  9286 | D:8      | Killed a two-headed ogre
  9415 | D:9      | Noticed a two-headed ogre
  9424 | D:9      | Killed a two-headed ogre
  9425 | D:9      | Reached skill level 5 in Hexes
  9425 | D:9      | Reached skill level 5 in Summonings
  9425 | D:9      | Reached skill level 5 in Necromancy
  9425 | D:9      | Reached skill level 5 in Translocations
  9425 | D:9      | Reached skill level 5 in Transmutations
  9425 | D:9      | Reached skill level 5 in Fire Magic
  9425 | D:9      | Reached skill level 5 in Ice Magic
  9425 | D:9      | Reached skill level 5 in Air Magic
  9425 | D:9      | Reached skill level 5 in Earth Magic
  9425 | D:9      | Reached skill level 5 in Poison Magic
  9425 | D:9      | Reached XP level 11. HP: 29/89 MP: 8/24
  9811 | D:9      | Found a glowing golden altar of the Shining One.
  9848 | D:9      | Found a hide-covered altar of Uskayaw.
 10489 | D:9      | Reached skill level 7 in Invocations
 10994 | D:10     | Entered Level 10 of the Dungeon
 11021 | D:10     | Found a flagged portal.
 11043 | Bailey   | Entered a bailey
 11434 | Bailey   | Identified a scroll of acquirement
 11608 | D:10     | Noticed Sonja
 11626 | D:10     | Killed Sonja
 12179 | D:10     | Reached **** piety under Ashenzari
 12182 | D:10     | Noticed Erolcha
 12237 | D:9      | Acquired the +1 cloak "Wullocer" {Drain Slay+5 SInv}
 12305 | D:10     | Killed Erolcha
 12491 | D:10     | Found a portal to a secret trove of treasure.
 12923 | D:11     | Found a staircase to the Orcish Mines.
 12960 | D:11     | Learned a level 5 spell: Freezing Cloud
 12973 | D:11     | Reached XP level 12. HP: 97/97 MP: 26/26
 13296 | D:11     | Found a staircase to the Lair.
 13578 | D:12     | Noticed a boulder beetle
 13594 | D:12     | Killed a boulder beetle
 13595 | D:12     | Reached skill level 8 in Invocations
 13658 | D:12     | Found a broken altar of Ashenzari.
 14231 | D:12     | Noticed a boulder beetle
 14244 | D:12     | Killed a boulder beetle
 14245 | D:12     | Reached skill level 10 in Polearms
 14443 | D:13     | Identified the +0 long sword of the Distant Future {heavy,
                  | Str-3 Int+3 Dex+3}
 14720 | D:13     | Found a hide-covered altar of Uskayaw.
 14823 | D:13     | Noticed a centaur warrior
 14831 | D:13     | Killed a centaur warrior
 14943 | D:13     | Noticed a catoblepas
 15020 | D:13     | Noticed a catoblepas
 15034 | D:13     | Killed a catoblepas
 15247 | D:13     | Killed a catoblepas
 15348 | D:13     | Found a gate to the Vaults.
 15348 | D:13     | Noticed a death knight
 15348 | D:13     | Noticed a vault guard
 15348 | D:13     | Noticed a vault guard
 15348 | D:13     | Noticed a vault guard
 15350 | D:13     | Noticed a six-headed hydra
 15357 | D:13     | Killed a six-headed hydra
 15359 | D:13     | Killed a vault guard
 15360 | D:13     | Reached XP level 13. HP: 97/108 MP: 15/29
 15375 | D:13     | Killed a vault guard
 15376 | D:13     | Reached skill level 9 in Invocations
 15376 | D:13     | Killed a vault guard
 16075 | D:13     | Noticed a vault guard
 16089 | D:13     | Killed a vault guard
 16090 | D:13     | Reached skill level 10 in Spellcasting
 16952 | D:14     | Found Befas's Weapon Emporium.
 17066 | D:14     | Reached skill level 10 in Fighting
 17066 | D:14     | Reached skill level 10 in Dodging
 17732 | D:15     | Entered Level 15 of the Dungeon
 17742 | D:15     | Noticed a rakshasa
 17744 | D:15     | Noticed a rakshasa
 17749 | D:15     | Noticed a great orb of eyes
 17758 | D:15     | Killed a great orb of eyes
 17758 | D:15     | Killed a rakshasa
 17896 | D:15     | Killed a rakshasa
 17897 | D:15     | Reached skill level 10 in Invocations
 17897 | D:15     | Reached XP level 14. HP: 116/116 MP: 14/31
 18883 | Abyss:3  | Cast into level 3 of the Abyss (a wizard)
 18894 | Abyss:3  | Learned a level 1 spell: Apportation
 18898 | Abyss:3  | Learned a level 3 spell: Swiftness
 18914 | Abyss:3  | Noticed a starcursed mass
 18915 | Abyss:3  | Noticed a tentacled starspawn
 18916 | Abyss:3  | Noticed a starcursed mass
 18916 | Abyss:3  | Noticed a tentacled starspawn
 18918 | Abyss:3  | Got an abyssal rune of Zot
 18970 | Abyss:3  | Found a corrupted altar of Lugonu.
 18979 | D:15     | Escaped the Abyss
 19893 | D:15     | Found a staircase to the Depths.
 20049 | Lair:1   | Entered Level 1 of the Lair of Beasts
 20049 | Lair:1   | Noticed Amaemon
 20057 | D:11     | Killed Amaemon
 20148 | Lair:1   | Noticed Fannar
 20190 | Lair:1   | Killed Fannar
 20716 | Lair:1   | Reached skill level 10 in Conjurations
 20868 | Lair:2   | Found a staircase to the Snake Pit.
 21120 | Lair:2   | Reached skill level 10 in Short Blades
 21120 | Lair:2   | Reached skill level 10 in Long Blades
 21120 | Lair:2   | Reached skill level 10 in Axes
 21120 | Lair:2   | Reached skill level 10 in Maces & Flails
 21120 | Lair:2   | Reached skill level 10 in Staves
 21120 | Lair:2   | Reached skill level 10 in Ranged Weapons
 21120 | Lair:2   | Reached skill level 10 in Throwing
 21120 | Lair:2   | Reached skill level 10 in Armour
 21120 | Lair:2   | Reached skill level 10 in Stealth
 21120 | Lair:2   | Reached skill level 10 in Shields
 21120 | Lair:2   | Reached skill level 10 in Unarmed Combat
 21120 | Lair:2   | Reached skill level 10 in Evocations
 21285 | Lair:2   | Noticed Erica
 21293 | Lair:2   | Killed Erica
 21297 | Lair:2   | Reached XP level 15. HP: 120/125 MP: 18/32
 21344 | Lair:2   | Reached skill level 11 in Invocations
 21383 | Lair:2   | Found the +4 robe of Folly {Brill Will-∞ Int+8}
 21643 | Lair:2   | Acquired the +6 Majin-Bo {spellvamp, MP+6 Int+6}
 21643 | Lair:2   | Found the +6 Majin-Bo {spellvamp, MP+6 Int+6}
 21916 | Lair:3   | Found a staircase to the Shoals.
 22649 | Lair:4   | Identified the +4 flail of Bidedugu {heavy, rPois MP+9}
 22665 | Lair:4   | Found a staircase to the Slime Pits.
 22957 | Lair:4   | Noticed Urug
 22969 | Lair:4   | Killed Urug
 23294 | Lair:5   | Entered Level 5 of the Lair of Beasts
 23438 | Lair:5   | Identified the +0 robe of Quol {Rampage rPois rCorr Stlth-}
 23838 | Lair:5   | Identified the +7 mace "Qutseas" {distort, rElec}
 24394 | Lair:5   | Learned a level 7 spell: Ozocubu's Refrigeration
 24686 | Orc:1    | Entered Level 1 of the Orcish Mines
 25096 | Orc:2    | Entered Level 2 of the Orcish Mines
 25154 | Orc:2    | Found Hydust's Magic Scroll Shop.
 25336 | Orc:2    | Reached XP level 16. HP: 134/134 MP: 34/34
 25419 | Orc:2    | Found a staircase to the Elven Halls.
 25857 | Orc:2    | Reached skill level 12 in Invocations
 25873 | Orc:2    | Found Ilischuw's Distillery.
 25880 | Orc:2    | Found Javozih's Armour Emporium.
 25900 | Orc:2    | Found Haugeistru's Antique Armour Emporium.
 25937 | Orc:2    | Learned a level 6 spell: Eringya's Noxious Bog
 26089 | Shoals:1 | Entered Level 1 of the Shoals
 26103 | Shoals:1 | Found a runed translucent gate.
 26103 | Shoals:1 | Found a runed translucent gate.
 26107 | Shoals:1 | Found a runed translucent gate.
 26108 | Shoals:1 | Found an opulent altar of Gozag.
 26122 | Shoals:1 | Noticed Vait Lei's ghost (adept GnAE)
 26784 | Shoals:1 | Found Epotaxzi's Assorted Antiques.
 26832 | Shoals:1 | Learned a level 5 spell: Alistair's Intoxication
 27325 | Shoals:2 | Found a flickering gateway to a bazaar.
 27331 | Bazaar   | Entered a bazaar
 27340 | Bazaar   | Found Dalun's General Store.
 27348 | Bazaar   | Bought a potion of mutation for 80 gold pieces
 27355 | Bazaar   | Found Asel's Jewellery Emporium.
 27361 | Bazaar   | Found Nirog's Distillery.
 27369 | Bazaar   | Bought a potion of heal wounds for 50 gold pieces
 27369 | Bazaar   | Bought a potion of heal wounds for 50 gold pieces
 27370 | Bazaar   | Found Erriuh's Weapon Emporium.
 27382 | Bazaar   | Bought a potion of brilliance for 40 gold pieces
 27388 | Bazaar   | Bought an amulet of magic regeneration for 360 gold pieces
 27400 | Bazaar   | Bought 4 silver javelins for 360 gold pieces
 27418 | Shoals:2 | Found Iwameliv's Book Emporium.
 27514 | Shoals:2 | Found Zobusea's Magic Scroll Shop.
 27522 | Shoals:2 | Bought a scroll of teleportation for 45 gold pieces
 27522 | Shoals:2 | Bought a scroll of teleportation for 45 gold pieces
 28008 | Shoals:2 | Found Rattun's Weapon Emporium.
 28155 | Shoals:3 | Reached ***** piety under Ashenzari
 28816 | Shoals:4 | Entered Level 4 of the Shoals
 29430 | Shoals:4 | Noticed Donald
 29433 | Shoals:4 | Killed Donald
 29673 | Shoals:4 | Found Meybuxku's Specific Store.
 29683 | Shoals:4 | Found Hetuorio's General Store.
 29733 | Shoals:4 | Bought a potion of magic for 128 gold pieces
 29750 | Shoals:4 | Noticed Polyphemus
 29763 | Shoals:4 | Reached XP level 17. HP: 146/148 MP: 18/38
 29775 | Shoals:4 | Killed Polyphemus
 29867 | Shoals:4 | Reached skill level 10 in Hexes
 29867 | Shoals:4 | Reached skill level 10 in Summonings
 29867 | Shoals:4 | Reached skill level 10 in Necromancy
 29867 | Shoals:4 | Reached skill level 10 in Translocations
 29867 | Shoals:4 | Reached skill level 10 in Transmutations
 29867 | Shoals:4 | Reached skill level 10 in Fire Magic
 29867 | Shoals:4 | Reached skill level 10 in Ice Magic
 29867 | Shoals:4 | Reached skill level 10 in Air Magic
 29867 | Shoals:4 | Reached skill level 10 in Earth Magic
 29867 | Shoals:4 | Reached skill level 10 in Poison Magic
 29921 | Shoals:4 | Identified the +5 great mace of Iconoclasm {drain, rF+
                  | Int+4}
 30256 | Shoals:4 | Identified the staff of fire "Qischoseo" {rElec rF+ rC+
                  | Dex-5}
 30335 | Shoals:4 | Got a barnacled rune of Zot
 30551 | Snake:1  | Entered Level 1 of the Snake Pit
 30577 | Snake:1  | Reached skill level 13 in Invocations
 31443 | Snake:2  | Found an opulent altar of Gozag.
 31481 | Snake:2  | Found Lirekk's Book Boutique.
 32303 | Snake:3  | Reached XP level 18. HP: 157/157 MP: 29/40
 33023 | Snake:2  | Bought a book of the Sky for 680 gold pieces
 33032 | Snake:2  | Learned a level 8 spell: Maxwell's Capacitive Coupling
 33085 | Snake:4  | Entered Level 4 of the Snake Pit
 33441 | Snake:4  | Reached skill level 14 in Invocations
 33666 | Snake:4  | Got a serpentine rune of Zot
 34363 | Elf:1    | Entered Level 1 of the Elven Halls
 34707 | Elf:1    | Found a huge runed translucent gate.
 34707 | Elf:1    | Found a huge runed translucent gate.
 34707 | Elf:1    | Found a huge runed translucent gate.
 34707 | Elf:1    | Found a huge runed translucent gate.
 34708 | Elf:1    | Found a huge runed translucent gate.
 34708 | Elf:1    | Found a huge runed translucent gate.
 34708 | Elf:1    | Found a huge runed translucent gate.
 34710 | Elf:1    | Found a huge runed translucent gate.
 34804 | Elf:1    | Noticed a deep elf blademaster
 34900 | Elf:1    | Reached XP level 19. HP: 165/165 MP: 37/42
 35222 | Elf:1    | Paralysed by an air elemental for 1 turns
 35554 | Elf:1    | Identified the +6 double sword of Deflation {pain, Str+4
                  | Int+3 Dex+2}
 36160 | Abyss:3  | Cast into level 3 of the Abyss (a deep elf sorcerer)
 36184 | Elf:2    | Escaped the Abyss
 36204 | Elf:2    | Paralysed by an air elemental for 1 turns
 36206 | Elf:2    | Paralysed by an air elemental for 1 turns
 36628 | Elf:2    | Found a runed translucent gate.
 36629 | Elf:2    | Found a runed translucent gate.
 36629 | Elf:2    | Found a runed translucent gate.
 36756 | Elf:2    | Reached skill level 15 in Polearms
 36915 | Elf:3    | Entered Level 3 of the Elven Halls
 36952 | Elf:3    | Found an ancient bone altar of Kikubaaqudgha.
 36992 | Abyss:3  | Cast into level 3 of the Abyss (a deep elf demonologist)
 37008 | Elf:3    | Escaped the Abyss
 37081 | Elf:3    | Noticed Mara
 37093 | Elf:3    | Killed Mara
 37310 | Elf:3    | Reached skill level 15 in Invocations
 37423 | Elf:3    | Reached XP level 20. HP: 178/178 MP: 36/44
 37517 | Elf:3    | Identified the +3 great sword of Yczoikhli {vamp, rPois}
 37518 | Elf:3    | Identified the Spellbook of Ouranomancy
 37565 | Elf:3    | Identified Nuowyfez's Grimoire of the Azure Mob
 37571 | Elf:3    | Identified the +0 pair of boots of the Comet {rF- rCorr
                  | Str+2 Int+4}
 37573 | Elf:3    | Identified the Compilation of Xenomorphic Enchantment
 37612 | Elf:3    | Identified the ring "Memaf" {Fly rC+ Will+ Int-3 Stlth+}
 37640 | Elf:3    | Identified the +1 helmet "Boprapri" {Will++}
 37695 | Elf:3    | Found Osaraebu's Distillery.
 37709 | Elf:3    | Bought a potion of heal wounds for 80 gold pieces
 38027 | Elf:3    | Identified the +0 scale mail of Distant Worlds {Rampage}
 38214 | Vaults:1 | Entered Level 1 of the Vaults
 38996 | Orc:2    | Bought a +0 buckler of fire resistance for 184 gold pieces
 39386 | Vaults:1 | Reached skill level 15 in Spellcasting
 39884 | Vaults:1 | Identified the +2 trident of Annoyance {flame, rF+ Str+3}
 40051 | Vaults:1 | Found Liskarez's Armour Emporium.
 40203 | Vaults:2 | Reached skill level 15 in Fighting
 40203 | Vaults:2 | Reached skill level 15 in Dodging
 40467 | Vaults:2 | Found a runed translucent gate.
 40467 | Vaults:2 | Found a runed translucent gate.
 40467 | Vaults:2 | Found a runed translucent gate.
 40469 | Vaults:2 | Noticed Wuemn's ghost (adept MiFi)
 40469 | Vaults:2 | Identified the +3 robe of the Snail {rF+ rCorr SInv}
 40475 | Vaults:2 | Found an iron altar of Okawaru.
 40521 | Vaults:2 | Killed Wuemn's ghost
 40830 | Vaults:2 | Noticed Asterion
 40837 | Vaults:2 | Killed Asterion
 40994 | Vaults:2 | Reached XP level 21. HP: 181/181 MP: 37/44
 41106 | Vaults:2 | Found Velygud's Magic Scroll Shoppe.
 41114 | Vaults:2 | Bought a scroll of acquirement for 936 gold pieces
 41114 | Vaults:2 | Bought a scroll of blinking for 135 gold pieces
 41114 | Vaults:2 | Acquired the -1 pair of boots of the Holding Gods {rElec}
 41122 | Vaults:2 | Identified the ring of Life {AC+4 Stlth+}
 41372 | Vaults:3 | Reached skill level 16 in Invocations
 41482 | Vaults:2 | Learned a level 5 spell: Irradiate
 41492 | Vaults:2 | Learned a level 9 spell: Polar Vortex
 41635 | Vaults:3 | Found Noweodeo's Distillery.
 41663 | Vaults:3 | Bought a potion of heal wounds for 70 gold pieces
 41663 | Vaults:3 | Bought a potion of resistance for 140 gold pieces
 41823 | Vaults:3 | Identified the +7 morningstar of Zusoykic {drain, rPois rF-
                  | Int+3}
 42155 | Vaults:3 | Noticed Mennas
 42168 | Vaults:3 | Reached skill level 15 in Short Blades
 42168 | Vaults:3 | Reached skill level 15 in Long Blades
 42168 | Vaults:3 | Reached skill level 15 in Axes
 42168 | Vaults:3 | Reached skill level 15 in Maces & Flails
 42168 | Vaults:3 | Reached skill level 15 in Staves
 42168 | Vaults:3 | Reached skill level 15 in Ranged Weapons
 42168 | Vaults:3 | Reached skill level 15 in Throwing
 42168 | Vaults:3 | Reached skill level 15 in Armour
 42168 | Vaults:3 | Reached skill level 15 in Stealth
 42168 | Vaults:3 | Reached skill level 15 in Shields
 42168 | Vaults:3 | Reached skill level 15 in Unarmed Combat
 42168 | Vaults:3 | Reached skill level 15 in Evocations
 42295 | Vaults:3 | Noticed Nikola
 42305 | Vaults:3 | Killed Nikola
 42544 | Vaults:3 | Found a staircase to the Crypt.
 42735 | Vaults:3 | Killed Mennas
 43278 | Vaults:4 | Noticed a golden dragon
 43300 | Vaults:4 | Killed a golden dragon
 43301 | Vaults:4 | Reached XP level 22. HP: 152/192 MP: 35/46
 43537 | Vaults:4 | Noticed Boris
 43550 | Vaults:4 | Killed Boris
 43982 | Vaults:4 | Identified the +5 scale mail of Sif Muna's Approval {rF+
                  | Str+3 SInv}
 44607 | Depths:1 | Entered Level 1 of the Depths
 44934 | Depths:1 | Found a gateway to Hell.
 44997 | Depths:1 | Found a one-way gate to the infinite horrors of the Abyss.
 45140 | Depths:1 | Reached skill level 17 in Invocations
 45977 | Depths:2 | Identified the +2 leather armour of Houmnis {Fly rC- rCorr
                  | Slay-3}
 46460 | Depths:2 | Reached XP level 23. HP: 201/201 MP: 46/48
 46567 | Depths:2 | Found a one-way gate leading to the halls of Pandemonium.
 46798 | Depths:3 | Gained mutation: You are frail. (-10% HP) [a cacodemon]
 46817 | Depths:2 | Gained mutation: You are weak. (Str -2) [mutagenic glow]
 47230 | Depths:3 | Identified the +6 halberd "Qijeu" {flame, Dex+3}
 47964 | Depths:4 | Entered Level 4 of the Depths
 47977 | Depths:4 | Found a one-way gateway to a ziggurat.
 47987 | Depths:4 | Noticed Xtahua
 47989 | Depths:4 | Paralysed by Xtahua for 2 turns
 47991 | Depths:4 | Killed Xtahua
 48085 | Depths:4 | Noticed a juggernaut
 48100 | Depths:4 | Killed a juggernaut
 48143 | Depths:4 | Noticed a juggernaut
 48147 | Depths:4 | Killed a juggernaut
 48212 | Depths:4 | Noticed Parghit
 48219 | Depths:4 | Killed Parghit
 48338 | Depths:4 | Found a shimmering altar of Xom.
 48394 | Depths:4 | Found a gate to the Realm of Zot.
 49201 | Slime:1  | Entered Level 1 of the Pits of Slime
 49207 | Slime:1  | Reached skill level 15 in Conjurations
 49209 | Slime:1  | Gained mutation: You are clumsy. (Dex -2) [a shining eye]
 49273 | Slime:2  | Gained mutation: Your spells are a little easier to cast,
                  | but a little less powerful. [a shining eye]
 49414 | Slime:5  | Entered Level 5 of the Pits of Slime
 49429 | Slime:5  | Reached skill level 18 in Invocations
 49429 | Slime:5  | Reached XP level 24. HP: 189/189 MP: 18/49
 49529 | Slime:5  | Lost mutation: You are clumsy. (Dex -2) [potion of
                  | mutation]
 49529 | Slime:5  | Lost mutation: You are weak. (Str -2) [potion of mutation]
 49529 | Slime:5  | Lost mutation: You are frail. (-10% HP) [potion of
                  | mutation]
 49529 | Slime:5  | Gained mutation: Your spells are easier to cast, but less
                  | powerful. [potion of mutation]
 49529 | Slime:5  | Gained mutation: You are weak. (Str -2) [potion of
                  | mutation]
 49530 | Slime:5  | Lost mutation: Your spells are easier to cast, but less
                  | powerful. [potion of mutation]
 49530 | Slime:5  | Lost mutation: Your spells are a little easier to cast, but
                  | a little less powerful. [potion of mutation]
 49530 | Slime:5  | Lost mutation: You are weak. (Str -2) [potion of mutation]
 49530 | Slime:5  | Gained mutation: You have hidden genetic defects. [potion
                  | of mutation]
 49530 | Slime:5  | Gained mutation: Your flesh is heat resistant. (rF+)
                  | [potion of mutation]
 49595 | Slime:5  | Lost mutation: Your flesh is heat resistant. (rF+) [potion
                  | of mutation]
 49595 | Slime:5  | Lost mutation: You have hidden genetic defects. [potion of
                  | mutation]
 49595 | Slime:5  | Gained mutation: You are robust. (+10% HP) [potion of
                  | mutation]
 49595 | Slime:5  | Gained mutation: You do not regenerate when monsters are
                  | visible. [potion of mutation]
 49595 | Slime:5  | Gained mutation: You are very robust. (+20% HP) [potion of
                  | mutation]
 49741 | Slime:5  | Found a viscous altar of Jiyva.
 49743 | Slime:5  | Identified the +0 pair of gloves of Makhleb's Condemnation
                  | {rElec rPois}
 49744 | Slime:5  | Identified the staff of death "Korag" {Contam rElec rC+ rN+
                  | Int+5}
 49744 | Slime:5  | Identified the amulet of Bedoteob {Spirit Rampage rF- Will+
                  | Int+2}
 49747 | Slime:5  | Identified the +2 plate armour of Impressiveness {rPois
                  | rN+}
 49747 | Slime:5  | Paralysed by a great orb of eyes for 3 turns
 49775 | Slime:5  | Identified the +4 orcbow of the Telling Rat {freeze, rC-
                  | Will+ Int+4}
 49793 | Slime:5  | Identified the +1 leather armour of Sif Muna's Supremacy
                  | {Regen+}
 50081 | Slime:5  | Noticed the Royal Jelly
 50085 | Slime:5  | Killed the Royal Jelly
 50333 | Slime:5  | Got a slimy rune of Zot
 50704 | Zot:1    | Entered Level 1 of the Realm of Zot
 51201 | Zot:1    | Noticed a Killer Klown
 51205 | Zot:1    | Killed a Killer Klown
 51427 | Zot:1    | Noticed a Killer Klown
 51435 | Zot:1    | Killed a Killer Klown
 51507 | Zot:1    | Identified the +6 chain mail "Fumanub" {rF+ Regen+ Str-5
                  | Dex+3}
 51554 | Zot:1    | Identified the amulet of Tymuh {Spirit rC+ Str+4}
 52061 | Zot:2    | Acquired a book of Annihilations
 52073 | Zot:2    | Learned a level 9 spell: Shatter
 52939 | Zot:2    | Identified the +4 chain mail of Jedwusau {Harm Will- Str+3
                  | Int+3}
 52988 | Zot:2    | Reached XP level 25. HP: 262/262 MP: 35/49
 53344 | Zot:3    | Noticed a Killer Klown
 53434 | Zot:3    | Killed a Killer Klown
 53888 | Zot:3    | Noticed a Killer Klown
 53895 | Zot:3    | Killed a Killer Klown
 54097 | Zot:3    | Reached skill level 19 in Invocations
 54246 | Zot:3    | Reached skill level 15 in Hexes
 54246 | Zot:3    | Reached skill level 15 in Summonings
 54246 | Zot:3    | Reached skill level 15 in Necromancy
 54246 | Zot:3    | Reached skill level 15 in Translocations
 54246 | Zot:3    | Reached skill level 15 in Transmutations
 54246 | Zot:3    | Reached skill level 15 in Fire Magic
 54246 | Zot:3    | Reached skill level 15 in Ice Magic
 54246 | Zot:3    | Reached skill level 15 in Air Magic
 54246 | Zot:3    | Reached skill level 15 in Earth Magic
 54246 | Zot:3    | Reached skill level 15 in Poison Magic
 55627 | Zot:4    | Reached XP level 26. HP: 274/274 MP: 50/50
 55683 | Zot:4    | Found a burning altar of Makhleb.
 55688 | Zot:4    | Identified the Octavo of Fire and Brimstone
 55688 | Zot:4    | Identified the Elucidation of the Zealot
 56149 | Zot:5    | Entered Level 5 of the Realm of Zot
 56670 | Zot:5    | Noticed a Killer Klown
 56675 | Zot:5    | Killed a Killer Klown
 56761 | Zot:5    | Noticed an orb of fire
 56765 | Zot:5    | Killed an orb of fire
 56777 | Zot:5    | Noticed an orb of fire
 56781 | Zot:5    | Killed an orb of fire
 56783 | Zot:5    | Noticed an orb of fire
 56790 | Zot:5    | Killed an orb of fire
 56885 | Zot:5    | Noticed a Killer Klown
 56889 | Zot:5    | Killed a Killer Klown
 56958 | Zot:5    | Reached skill level 20 in Invocations
 57184 | Zot:5    | Noticed an orb of fire
 57205 | Zot:5    | Killed an orb of fire
 57310 | Zot:5    | Noticed a Killer Klown
 57314 | Zot:5    | Killed a Killer Klown
 57415 | Zot:5    | Noticed an orb of fire
 57419 | Zot:5    | Killed an orb of fire
 57593 | Zot:5    | Noticed an orb of fire
 57596 | Zot:5    | Gained mutation: Your magical capacity is low. (-10% MP)
                  | [an orb of fire]
 57597 | Zot:5    | Gained mutation: Your magical capacity is very low. (-20%
                  | MP) [an orb of fire]
 57598 | Zot:5    | Killed an orb of fire
 57666 | Zot:5    | Noticed a Killer Klown
 57671 | Zot:5    | Killed a Killer Klown
 57675 | Zot:5    | Noticed a Killer Klown
 57795 | Zot:5    | Noticed an orb of fire
 57797 | Zot:5    | Lost mutation: You are very robust. (+20% HP) [an orb of
                  | fire]
 57800 | Zot:5    | Killed an orb of fire
 57812 | Zot:5    | Killed a Killer Klown
 57815 | Zot:5    | Noticed an ancient lich
 57824 | Zot:5    | Killed an ancient lich
 57854 | Zot:5    | Lost mutation: Your magical capacity is very low. (-20% MP)
                  | [mutagenic glow]
 58661 | Zot:5    | Got the Orb of Zot
 59208 | D:10     | Gained mutation: You sometimes lose your temper in combat.
                  | [a cacodemon]
 59213 | D:10     | Noticed Nicriate the pandemonium lord
 59388 | D:3      | Noticed Boris
 59391 | D:3      | Killed Boris
 59392 | D:3      | Reached XP level 27. HP: 257/260 MP: 45/45
 59469 | D:1      | gg
 59470 | D:$      | Escaped with the Orb!

Illustrated notes

.# ### #.# #.##.....# .##
##.######.# #.######.#### #.##
#.........##### ###.....#
##.####.#########.####.##....#
##.###.# #'#.##...####.#
##..#.########.##'.....# #.#
##)#........##...###{..##
#.####
##.####.###.##.....###'##
#.##.. #.## #.# #...(.@....+.#
###.##.# ..#####.#
####.....###'###..#.#.#
........# ##...###...##†###..#
..####### ##.##'.....#..#.###
..# #'#.##...##....# #.#
##.####.##..†..# #.#
########..)...# #.# #.#
#......# #.# ############.#
##...#(#


Turn 59469 on D:1: gg

Levels and vault maps discovered:
D:1:      dpeg_arrival_rhombi, layout_loops_ring,
          hellmonk_ecumenical_altar_dog_temple
D:2:      layout_basic, serial_curves, eino_curves_04, eino_curves_02
D:3:      layout_rooms, st_stairs_6, uniq_terence
D:4:      layout_basic, grunt_temple_overflow_open
D:5:      layout_basic, temple_statues, grunt_ministairs_8, serial_bayou_pond_a,
          grunt_tough_drop
D:6:      layout_cave_pools, minmay_misc_feat_diagonals, uniq_eustachio
D:7:      layout_basic, gammafunk_ghost_icy, nicolae_ossuary_entry_ruins,
          uniq_prince_ribbit1
D:8:      layout_loops_ring, uniq_grum, uniq_gastronok, uniq_maggie
D:9:      layout_long_grid, minitemple
D:10:     layout_loops_ring, enter_bailey_4, nicolae_trove_entry_crystal,
          uniq_erolcha, uniq_sonja
D:11:     layout_loops_cross, david_lair_generic, david_orc_2, centaur_isle
D:12:     layout_roguey, ashenzari_conservatory_becter
D:13:     layout_roguey, lightli_vaults_fourway_checkpoint,
          eat_drink_and_be_merry_uskayaw
D:14:     layout_loops_corners, serial_shops, shop, minivault_24
D:15:     gammafunk_enter_depths_forms, layout_cave_pods, abandoned_shop,
          minmay_fractal_squares_gapless_7
Lair:1:   layout_regular_city, serial_bayou_shore_b, uniq_amaemon, uniq_fannar
Lair:2:   layout_cave_pods, dummy_snake_entry, nicolae_quartered_pool_medium,
          st_stairs_10, minmay_holes, dreamdust_deal_with_the_devil, uniq_erica
Lair:3:   layout_loops_ring, elwin_shoals_entry_stream
Lair:4:   layout_roguey, nicolae_slime_entry_slimehenge,
          grunt_forest_stairs_clearing, uniq_urug
Lair:5:   hangedman_lair_in_review, layout_gridlike, bh_autumn_forest_stairs,
          minmay_hedge_maze, lemuel_fruit_fields
Shoals:1: argonaut_golden_fleece, layout_shoals, ebering_ghost_gozag
Shoals:2: layout_shoals, serial_shops, bzr_entry_road, shop,
          nicolae_book_shop_shelving, nicolae_shop_waterfront
Shoals:3: layout_shoals
Shoals:4: shoals_end_hangedman, layout_shoals, nicolae_specific_store,
          uniq_donald, uniq_polyphemus
Snake:1:  layout_misc_corridors
Snake:2:  layout_basic, basic_altar, nicolae_take_the_stairs,
          nicolae_snake_snakes_in_the_grass
Snake:3:  layout_grid_maze
Snake:4:  johnstein_snake_rune_scales, layout_misc_corridors, grunt_megastairs_5
Slime:1:  layout_caves
Slime:2:  layout_caves
Slime:3:  layout_caves, nicolae_slime_crime_time
Slime:4:  nicolae_slime_infinislime, layout_caves
Slime:5
Orc:1:    layout_caves, david_defended_altar_orc
Orc:2:    st_orc_elflike, layout_caves, basic_altar, nooodl_orcs_dogs
Elf:1:    minmay_elf_arrival_plus, layout_gridlike, evilmike_minifort,
          minmay_misc_feat_five, nicolae_elf_double_double_double_trouble
Elf:2:    nicolae_elf_blades_crystal_corner, layout_onion_city, serial_glass,
          glass_columns_b, glass_columns_b, minivault_5
Elf:3:    grunt_elf_hall_branching, layout_gridlike, serial_shops, shop,
          lemuel_statue_altar, hangedman_elven_ridges, grunt_megastairs_2,
          uniq_mara
Vaults:1: hangedman_vaults_nodes, nicolae_vaults_stairing_the_circle,
          nicolae_vaults_big_ls, v_misc_2, nicolae_vaults_shipping_containers_7,
          v_misc_10, vaults_room_pool, nicolae_vaults_puzzle_piece,
          nicolae_vaults_tangram_1, layout_vaults_chaotic_city, serial_shops,
          shop
Vaults:2: gammafunk_ghost_fury_of_okawaru, nicolae_vaults_frosty_reception,
          nicolae_vaults_turnstiles, v_misc_27, hangedman_vaults_stagger,
          nicolae_vaults_closet_pinwheel_1, nicolae_vaults_closet_pinwheel_5,
          nicolae_vaults_little_squares_4, vaults_dpeg_encased_lava,
          ontoclasm_vaults_misaligned, nicolae_vaults_octothorpe,
          vaults_room_hallway, v_misc_17, nicolae_vaults_tetromino_T_2,
          nicolae_vaults_shelves_hall, nicolae_vaults_double_plus_1,
          layout_vaults_ring, serial_shops, shop, uniq_asterion
Vaults:3: minmay_crypt_entry_simple_plaza, nicolae_vaults_trapezoid_1,
          v_misc_12, nicolae_vaults_ring_of_whatevers, v_misc_12,
          ontoclasm_vaults_chip, layout_vaults_quadrants, serial_shops,
          nicolae_shop_just_a_little_nook, uniq_mennas, uniq_nikola
Vaults:4: st_spiral_rooms, vaults_mumra_hexcomb, hangedman_vaults_hat,
          nicolae_vaults_tetromino_T_2, nicolae_vaults_three_branches,
          nicolae_vaults_closet_pinwheel_5, hangedman_vaults_capsules,
          nicolae_vaults_closet_pinwheel_3,
          nicolae_vaults_offset_grid_hallway_2, vaults_dpeg_hooks,
          layout_vaults_omnicross, uniq_boris
Depths:1: layout_honeycomb, minmay_room_of_horrors, hell_entry,
          kennysheep_crisscross, minmay_misc_feat_square, water_boxes_lemuel,
          grunt_megastairs_3
Depths:2: minmay_textured_paths, layout_cave_pools, nrook_mini_vaults,
          abyss_entry, grunt_pan_entry_zigzag, pf_coc_iceberg
Depths:3: cheibrodos_birdhouse, layout_cave_shapes,
          grunt_hell_entry_demonic_statue, eino_curves_02,
          rand_demon_pan_entry_8, abyss_entry_glasseish, serial_column_ruins,
          column_ruins_portal_squares, column_ruins_square_large,
          column_ruins_square_large, column_ruins_grid_3,
          column_ruins_open_tiny_water, column_ruins_columns_straight,
          column_ruins_grid_4, column_ruins_columns_water, uniq_grunn
Depths:4: evilmike_zot_entry_basic, layout_cave_pools, enter_ziggurat_a,
          xom_teletrap_fun, hell_entry, pan_entry, lemuel_freeze_loot_1,
          uniq_xtahua, uniq_parghit
Zot:1:    cheibrodos_zot_enchanting_chambers, layout_cellular_growth
Zot:2:    layout_twisted_circle, grunt_ministairs_15
Zot:3:    layout_gridlike, guppyfry_library_mini
Zot:4:    nicolae_zot_draconian_monastery, layout_onion_interference,
          st_stairs_4, hangedman_zot_decor_scrapings
Zot:5:    layout_gridlike

Skill      XL: |  1  2  3  4  5  6  7  8  9 10 11 12 13 14 15 16 17 18 19 20 21 22 23 24 25 26 |
---------------+-------------------------------------------------------------------------------+-----
Spellcasting   | 5 6 7 8 9 10 11 12 13 14 15 16 17 18 19 | 19.2
Invocations    | 1 2 3 4 5 6 7 8 10 11 12 13 14 15 16 17 18 19 20 | 20.7
Short Blades   | 1 2 3 5 6 7 8 9 10 11 12 13 14 15 16 17 18 | 18.6
Long Blades    | 1 2 3 5 6 7 8 9 10 11 12 13 14 15 16 17 18 | 18.6
Axes           | 1 2 3 5 6 7 8 9 10 11 12 13 14 15 16 17 18 | 18.6
Maces & Flails | 1 2 3 5 6 7 8 9 10 11 12 13 14 15 16 17 18 | 18.6
Staves         | 1 2 3 5 6 7 8 9 10 11 12 13 14 15 16 17 18 | 18.6
Ranged Weapons | 1 2 3 5 6 7 8 9 10 11 12 13 14 15 16 17 18 | 18.6
Throwing       | 1 2 3 5 6 7 8 9 10 11 12 13 14 15 16 17 18 | 18.6
Armour         | 1 2 3 5 6 7 8 9 10 11 12 13 14 15 16 17 18 | 18.6
Stealth        | 1 2 3 5 6 7 8 9 10 11 12 13 14 15 16 17 18 | 18.6
Shields        | 1 2 3 5 6 7 8 9 10 11 12 13 14 15 16 17 18 | 18.6
Unarmed Combat | 1 2 3 5 6 7 8 9 10 11 12 13 14 15 16 17 18 | 18.6
Evocations     | 1 2 3 5 6 7 8 9 10 11 12 13 14 15 16 17 18 | 18.6
Hexes          | 1 2 3 4 5 6 7 8 9 10 11 12 13 14 15 | 15.8
Summonings     | 1 2 3 4 5 6 7 8 9 10 11 12 13 14 15 | 15.8
Necromancy     | 1 2 3 4 5 6 7 8 9 10 11 12 13 14 15 | 15.8
Translocations | 1 2 3 4 5 6 7 8 9 10 11 12 13 14 15 | 15.8
Transmutations | 1 2 3 4 5 6 7 8 9 10 11 12 13 14 15 | 15.8
Fire Magic     | 1 2 3 4 5 6 7 8 9 10 11 12 13 14 15 | 15.8
Ice Magic      | 1 2 3 4 5 6 7 8 9 10 11 12 13 14 15 | 15.8
Air Magic      | 1 2 3 4 5 6 7 8 9 10 11 12 13 14 15 | 15.8
Earth Magic    | 1 2 3 4 5 6 7 8 9 10 11 12 13 14 15 | 15.8
Poison Magic   | 1 2 3 4 5 6 7 8 9 10 11 12 13 14 15 | 15.8
Fighting       | 5 6 7 8 9 10 11 12 13 14 15 16 17 18 19 | 19.1
Dodging        | 5 6 7 8 9 10 11 12 13 14 15 16 17 18 19 | 19.1
Polearms       | 7 8 9 10 11 12 13 14 15 16 17 18 19 | 19.5
Conjurations   | 6 7 8 9 10 11 12 13 14 15 16 | 16.7

Action                     |  1- 3 |  4- 6 |  7- 9 | 10-12 | 13-15 | 16-18 | 19-21 | 22-24 | 25-27 || total
---------------------------+-------+-------+-------+-------+-------+-------+-------+-------+-------++-------
  Melee: Spear             |   106 |       |       |       |       |       |       |       |       ||   106
         Bite              |    10 |     7 |    29 |    40 |   109 |    35 |    33 |    30 |     6 ||   299
         Trident           |    35 |   117 |    16 |       |       |       |       |       |       ||   168
         Punch             |     1 |     3 |     7 |       |       |       |       |       |       ||    11
         Mace              |       |       |   327 |   352 |   719 |       |       |       |       ||  1398
         Bo                |       |       |       |       |    44 |   249 |   195 |   176 |    63 ||   727
   Cast: Momentum Strike   |     1 |     8 |    14 |    10 |     3 |       |       |       |       ||    36
         Kiss of Death     |       |     2 |       |       |       |       |       |       |       ||     2
         Hailstorm         |       |     1 |    26 |    39 |    30 |       |     2 |       |       ||    98
         Poisonous Vapours |       |       |    27 |   151 |    40 |       |       |       |       ||   218
         Freezing Cloud    |       |       |       |     6 |    67 |    13 |     1 |       |     1 ||    88
         Apportation       |       |       |       |       |     1 |       |       |       |       ||     1
         Ozocubu's Refrige |       |       |       |       |     6 |   386 |   545 |   610 |   258 ||  1805
         Eringya's Noxious |       |       |       |       |       |    21 |     7 |     3 |       ||    31
         Alistair's Intoxi |       |       |       |       |       |     4 |       |       |       ||     4
         Maxwell's Capacit |       |       |       |       |       |     1 |     9 |    26 |    39 ||    75
         Swiftness         |       |       |       |       |       |       |     1 |       |       ||     1
         Irradiate         |       |       |       |       |       |       |     4 |    22 |    19 ||    45
         Polar Vortex      |       |       |       |       |       |       |       |     4 |    12 ||    16
         Shatter           |       |       |       |       |       |       |       |       |     9 ||     9
 Invoke: Curse Item        |       |       |     4 |     3 |     1 |     2 |     3 |       |       ||    13
         Shatter the Chain |       |       |       |     1 |     1 |       |     2 |     1 |       ||     5
  Evoke: Wand              |       |       |       |       |     3 |       |       |     4 |     1 ||     8
         Box of beasts     |       |       |       |       |       |       |       |       |     1 ||     1
    Use: Scroll            |     3 |     4 |     2 |     5 |     6 |       |     5 |     3 |     4 ||    32
         Potion            |       |       |       |     1 |     3 |       |       |     5 |       ||     9
   Stab: Distracted        |     1 |       |     2 |       |     5 |       |       |       |     1 ||     9
         Sleeping          |     2 |     2 |     5 |     3 |    17 |     1 |     2 |       |       ||    32
         Petrified         |       |       |       |       |       |     4 |       |       |       ||     4
 Armour: Leather armour    |    22 |    32 |   115 |   127 |     1 |       |       |       |       ||   297
         Skin              |       |       |       |     2 |       |       |       |       |       ||     2
         Robe              |       |       |       |       |    71 |    16 |    87 |    62 |    51 ||   287
         Troll leather arm |       |       |       |       |    73 |    66 |       |       |       ||   139
  Dodge: Dodged            |    50 |    62 |   278 |   283 |   427 |   264 |   226 |   240 |   165 ||  1995
  Block: Buckler           |       |       |    18 |   189 |   498 |   193 |   137 |   124 |    91 ||  1250
         Reflection        |       |       |       |     6 |    15 |     6 |       |       |       ||    27

Table legend: (Time is in decaauts)
 A = Elapsed time spent in this place.
 B = Non-inter-level travel time spent in this place.
 C = Inter-level travel time spent in this place.
 D = Time resting spent in this place.
 E = Time spent auto-exploring this place.
 F = Levels seen in this place.
 G = Mean time per level.
                   A        B        C        D        E       F      G
               +--------+--------+--------+--------+--------+-----+--------+
         Total |  59553 |  54664 |   4889 |  14740 |  25382 |  57 | 1044.8 |
       Dungeon |  20508 |  18578 |   1930 |   5823 |   7606 |  15 | 1367.2 |
          Lair |   4726 |   4103 |    623 |     51 |   2884 |   5 |  945.2 |
        Shoals |   4595 |   4405 |    190 |   1570 |   1755 |   4 | 1148.8 |
     Snake Pit |   3728 |   3424 |    304 |    733 |   1938 |   4 |  932.0 |
    Slime Pits |   1186 |   1122 |     64 |    444 |    187 |   5 |  237.2 |
  Orcish Mines |   1517 |   1290 |    227 |    211 |    671 |   2 |  758.5 |
   Elven Halls |   3740 |   3427 |    313 |    996 |   1676 |   3 | 1246.7 |
        Vaults |   5935 |   5545 |    390 |   1140 |   3143 |   4 | 1483.8 |
        Depths |   4691 |   4367 |    324 |   1037 |   2180 |   4 | 1172.8 |
           Zot |   7922 |   7401 |    521 |   2544 |   3089 |   5 | 1584.4 |
         Abyss |    116 |    116 |      0 |      0 |      0 |   3 |   38.7 |
        Bazaar |     77 |     77 |      0 |      0 |     25 |   1 |   77.0 |
       Ossuary |    372 |    372 |      0 |      0 |    126 |   1 |  372.0 |
        Bailey |    432 |    432 |      0 |    190 |     99 |   1 |  432.0 |
               +--------+--------+--------+--------+--------+-----+--------+

Top non-repeatable levels by time:
   Zot:5: 2600 daAuts
     D:7: 2305 daAuts
    D:14: 2079 daAuts
    D:15: 2041 daAuts
    D:13: 1869 daAuts
   Zot:3: 1775 daAuts
Shoals:4: 1664 daAuts
     D:8: 1562 daAuts
Vaults:3: 1546 daAuts
   Elf:1: 1511 daAuts
Vaults:1: 1499 daAuts
Vaults:2: 1476 daAuts
     D:9: 1473 daAuts
Depths:2: 1450 daAuts
Vaults:4: 1412 daAuts
